 Dungeon Crawl Stone Soup version 0.29-a0-492-g10b964d8d7 (webtiles) character file.

Game seed: 13295431949797046388

38656 Glafi the Warrior (level 13, -2/126 HPs)
             Began as a Minotaur Fighter on May 27, 2022.
             Was a Priest of Qazlal.
             Slain by a five-headed hydra (7 damage)
             ... on level 5 of the Lair of Beasts.
             The game lasted 01:38:11 (19347 turns).

Glafi the Warrior (Minotaur Fighter)               Turns: 19347, Time: 01:38:12

Health: -2/126     AC: 20    Str: 25    XL:     13   Next: 65%
Magic:  17/17      EV:  9    Int:  5    God:    Qazlal [***...]
Gold:   738        SH:  0    Dex: 17    Spells: 12/12 levels left

rFire   . . .      SeeInvis .   n - +7 spear (vorpal)
rCold   . . .      Faith    .   p - +2 buckler
rNeg    . . .      Spirit   .   C - +1 plate armour
rPois   .          Reflect  +   (helmet restricted)
rElec   .          Harm     .   G - scarf {shadows}
rCorr   +          Rampage  .   c - +2 pair of gloves
Will    .....                   (no boots)
Stlth   ..........              A - amulet of reflection
HPRegen 0.31/turn               S - +6 ring of dexterity
MPRegen 0.15/turn               E - ring of resist corrosion

@: confused, ambrosia-drunk, slowed, very slow
A: horns 2, retaliatory headbutt
a: Renounce Religion, Upheaval, Elemental Force


You were on level 5 of the Lair of Beasts.
You worshipped Qazlal.
Qazlal was most pleased with you.
You visited 3 branches of the dungeon, and saw 15 of its levels.
You visited the Abyss 1 time.
You also visited: Sewer.

You collected 898 gold pieces.
You spent 160 gold pieces at shops.

Inventory:

Hand Weapons
 n - a +7 vorpal spear (weapon)
Missiles
 b - 11 poisoned darts
 r - 3 atropa-tipped darts (quivered)
 K - 6 boomerangs
Armour
 c - a +2 pair of gloves (worn)
 p - a +2 buckler (worn)
 C - a +1 plate armour (worn)
 G - a scarf of shadows (worn)
 V - a +0 pair of gloves
Jewellery
 x - a ring of protection from cold
 A - an amulet of reflection (around neck)
 E - a ring of resist corrosion (right hand)
 F - an amulet of regeneration
 H - an amulet of guardian spirit
 Q - a ring of ice
 S - a +6 ring of dexterity (left hand)
Wands
 d - a wand of iceblast (9)
 s - a wand of paralysis (8)
 w - a wand of acid (21)
 B - a wand of flame (13)
 L - a wand of charming (8)
 R - a wand of polymorph (5)
Scrolls
 a - 4 scrolls of identify
 h - 4 scrolls of poison
 i - a scroll of amnesia
 k - 6 scrolls of teleportation
 o - a scroll of enchant weapon
 t - 3 scrolls of fog
 z - 2 scrolls of magic mapping
 D - a scroll of enchant armour
Potions
 m - 4 potions of haste
 q - 3 potions of cancellation
 v - 2 potions of ambrosia
 I - 4 potions of flight
 M - 3 potions of mutation
 N - 5 potions of attraction
 T - a potion of resistance


   Skills:
 * Level 15.1 Fighting
 - Level 2.4 Axes
 + Level 13.9 Armour
 + Level 4.0 Dodging
 + Level 14.0 Shields
 * Level 7.5 Invocations
 * Level 8.9 Evocations


You had 12 spell levels left.
You didn't know any spells.
Your spell library contained the following spells:

 Spells                   Type           Power      Damage    Failure   Level
 Beastly Appendage        Tmut           0%         N/A       99%         1
 Magic Dart               Conj           0%         1d3       99%         1
 Summon Small Mammal      Summ           0%         N/A       99%         1
 Call Imp                 Summ           0%         N/A       100%        2
 Poisonous Vapours        Pois/Air       0%         N/A       100%        2
 Searing Ray              Conj           0%         2d4       100%        2
 Wereblood                Tmut           0%         N/A       100%        2
 Call Canine Familiar     Summ           0%         N/A       100%        3
 Dazzling Flash           Conj/Hex       0%         N/A       100%        3
 Mephitic Cloud           Conj/Pois/Air  0%         N/A       100%        3
 Ozocubu's Armour         Ice            0%         N/A       100%        3
 Spider Form              Tmut/Pois      0%         N/A       100%        3
 Stone Arrow              Conj/Erth      0%         3d7       100%        3
 Summon Guardian Golem    Hex/Summ       0%         N/A       100%        3
 Animate Armour           Summ/Erth      0%         N/A       100%        4
 Corpse Rot               Necr/Pois/Air  0%         N/A       100%        4
 Fulminant Prism          Conj/Hex       0%         3d6       100%        4
 Iskenderun's Mystic Bla  Conj/Tloc      0%         2d3       100%        4
 Summon Lightning Spire   Summ/Air       0%         N/A       100%        4
 Alistair's Intoxication  Tmut/Pois      0%         N/A       100%        5
 Blade Hands              Tmut           0%         N/A       100%        5
 Borgnjor's Vile Clutch   Necr/Erth      0%         N/A       100%        5
 Fireball                 Conj/Fire      0%         3d3       100%        5
 Iskenderun's Battlesphe  Conj           0%         2d6       100%        5
 Lee's Rapid Deconstruct  Erth           0%         3d5*      100%        5
 Metabolic Englaciation   Hex/Ice        0%         N/A       100%        5
 Conjure Ball Lightning   Conj/Air       0%         3x3d6     100%        6
 Eringya's Noxious Bog    Tmut/Pois      0%         N/A       100%        6
 Iron Shot                Conj/Erth      0%         9d1       100%        6
 Simulacrum               Ice/Necr       0%         N/A       100%        6
 Starburst                Conj/Fire      0%         6d3       100%        6
 Orb of Destruction       Conj           0%         9d5       100%        7
 Storm Form               Tmut/Air       0%         N/A       100%        7
 Lehudib's Crystal Spear  Conj/Erth      0%         10d2      100%        8
 Maxwell's Capacitive Co  Air            0%         ∞         100%        8


Dungeon Overview and Level Annotations

Branches:
Dungeon (9/15)             Temple (1/1) D:7            Lair (5/6) D:9
  Swamp (0/4) Lair:3        Snake (0/4) Lair:3        Slime (0/5) Lair:5
  Sewer (visited)
    Orc: D:9-12

Altars:
Ashenzari
Dithmenos
Elyvilon
Fedhas
Gozag
Hepliaklqana
Kikubaaqudgha
Makhleb
Nemelex Xobeh
Okawaru
Qazlal
Ru
Sif Muna
Trog
Uskayaw
Vehumet
Wu Jian
Xom
Yredelemnul
Zin
The Shining One
Jiyva

Shops:
D:1 (   D:4 !   D:5 *   D:8 *=*

Annotations:
Lair:5 1 runed translucent door


Innate Abilities, Weirdness & Mutations

You have a pair of horns on your head.
You reflexively headbutt those who attack you in melee.


Message History

The torpor snail bites you.
You barely miss the torpor snail.
The torpor snail is severely wounded.
The five-headed hydra bites you but does no damage.
You block the five-headed hydra's attack.
The five-headed hydra bites you.
* * * LOW HITPOINT WARNING * * *
The five-headed hydra bites you but does no damage.
The five-headed hydra bites you.
* * * LOW HITPOINT WARNING * * *
The torpor snail bites you.
* * * LOW HITPOINT WARNING * * *
You block the five-headed hydra's attack. x2
The five-headed hydra bites you.
* * * LOW HITPOINT WARNING * * *
The five-headed hydra completely misses you.
The five-headed hydra bites you but does no damage.
You are confused.
You feel invigorated. The five-headed hydra bites you.
* * * LOW HITPOINT WARNING * * *
The five-headed hydra bites you but does no damage.
The five-headed hydra bites you.
* * * LOW HITPOINT WARNING * * *
The five-headed hydra bites you!
* * * LOW HITPOINT WARNING * * *
The five-headed hydra bites you!
* * * LOW HITPOINT WARNING * * *
The torpor snail bites you but does no damage.
You're too confused to move!
The five-headed hydra barely misses you.
The five-headed hydra bites you.
* * * LOW HITPOINT WARNING * * *
The five-headed hydra misses you. The five-headed hydra bites you!
* * * LOW HITPOINT WARNING * * *
The five-headed hydra bites you but does no damage.
The torpor snail completely misses you.
The five-headed hydra bites you but does no damage.
The five-headed hydra barely misses you.
The five-headed hydra bites you!
You die...

#..#.#..P.....# .#
#...##.^..##..P ..###
#....>........ ..P.P
#.............
.....#####............#
......#.##.........P...
P.P....##...#.........#
.......w....##....##÷÷#
..#.#.@#....##..P.##÷<#
# #D#####wP.#.P##.P÷.
#PF#...#............
P...#>.J+...#†.....##
.....#..J#...††#######
...P..######...†.##...#
.###.. #...........
##.......P.#
#....####.#


You could see a five-headed hydra, a torpor snail and a cane toad.

Vanquished Creatures
  A jiangshi (D:9)
  4 hydras
  2 two-headed ogres
  Erica (D:9)
  3 death yaks
  3 manticores (Lair:4)
  7 elephants
  Maurice (D:9)
  2 black mambas
  3 rime drakes (Lair:4)
  A torpor snail (Lair:3)
  9 cane toads
  Psyche (D:8)
  5 komodo dragons
  3 meliai (Lair:4)
  A queen bee (Lair:4)
  3 trolls
  Sigmund (D:3)
  21 blink frogs
  A wraith (D:9)
  8 wyverns
  41 yaks
  Grum (D:9)
  6 basilisks
  2 steam dragons
  3 nagas (Lair:3)
  Duvessa (D:6)
  A swamp worm (Lair:3)
  8 water moccasins
  An orc warrior (D:9)
  2 ice beasts
  14 wolves
  2 ogres
  A phantom (D:4)
  A kobold brigand (D:9)
  9 bullfrogs
  3 gnoll sergeants
  4 scorpions
  A necrophage (D:7)
  7 wights (D:9)
  Dowan (D:6)
  35 killer bees
  3 electric eels
  A howler monkey (D:4)
  2 gnoll shamans
  5 hounds
  An orc priest (D:9)
  8 orc wizards
  Terence (D:2)
  2 iguanas
  21 gnolls
  4 adders
  2 white imps
  3 worms
  2 dart slugs (D:3)
  19 orcs
  6 ball pythons
  6 bats
  4 bat zombies (D:6)
  8 endoplasms
  8 giant cockroaches
  4 hobgoblins
  4 jackals (D:1)
  9 quokkas
  13 frilled lizards
  6 goblins
  10 kobolds
  4 rats
  A rat zombie (D:6)
  A spectral orc (D:9)
383 creatures vanquished.

Vanquished Creatures (collateral kills)
  A hydra (Lair:1)
  A black mamba (Lair:1)
  2 bullfrogs (Lair:1)
4 creatures vanquished.

Vanquished Creatures (others)
  Erolcha (D:9)
  A scorpion (D:5)
  A wight (D:9)
  A kobold (D:9)
  34 fungi
  32 plants
70 creatures vanquished.

Grand Total: 457 creatures vanquished

Notes
Turn   | Place    | Note
-------+----------+-------------------------------------------
     0 | D:1      | Glafi the Minotaur Fighter began the quest for the Orb.
     0 | D:1      | Reached XP level 1. HP: 19/19 MP: 0/0
    91 | D:1      | Reached XP level 2. HP: 22/27 MP: 1/1
   147 | D:1      | Reached skill level 4 in Fighting
   473 | D:1      | Found Ivitul's Antique Weapon Emporium.
   494 | D:1      | Reached XP level 3. HP: 34/34 MP: 2/2
  1323 | D:2      | Reached XP level 4. HP: 41/41 MP: 3/3
  1655 | D:2      | Noticed Terence
  1663 | D:2      | Killed Terence
  1664 | D:2      | Reached skill level 1 in Dodging
  1786 | D:2      | Found a blossoming altar of Fedhas.
  2064 | D:3      | Reached skill level 5 in Fighting
  2212 | D:3      | Found an opulent altar of Gozag.
  2217 | D:3      | Noticed Sigmund
  2223 | D:3      | Killed Sigmund
  2224 | D:3      | Reached skill level 6 in Fighting
  2224 | D:3      | Reached skill level 5 in Armour
  2224 | D:3      | Reached XP level 5. HP: 39/50 MP: 4/4
  2224 | D:3      | Reached XP level 6. HP: 45/57 MP: 5/5
  2225 | D:3      | Found a blossoming altar of Fedhas.
  2582 | D:4      | Found Icemozol's Distillery.
  2601 | D:4      | Bought a potion of ambrosia for 80 gold pieces
  2601 | D:4      | Bought a potion of heal wounds for 50 gold pieces
  2601 | D:4      | Bought a potion of curing for 30 gold pieces
  2679 | D:4      | Found a glowing drain.
  2716 | Sewer    | Entered a sewer
  3567 | D:4      | Found a hazy altar of Hepliaklqana.
  3659 | D:4      | Reached skill level 5 in Shields
  3891 | D:5      | Entered Level 5 of the Dungeon
  3891 | D:5      | Found Matimoloo's General Store.
  3904 | D:4      | Reached skill level 1 in Evocations
  3904 | D:4      | Reached XP level 7. HP: 62/64 MP: 6/6
  3911 | D:5      | Reached skill level 7 in Fighting
  4208 | D:5      | Noticed a steam dragon
  4216 | D:5      | Killed a steam dragon
  4453 | D:5      | Reached XP level 8. HP: 63/74 MP: 4/7
  5095 | D:5      | Reached skill level 8 in Fighting
  5403 | D:6      | Got the Almanac of Clay
  5607 | D:6      | Noticed Duvessa
  5625 | D:6      | Killed Duvessa
  5626 | D:6      | Noticed Dowan
  5636 | D:6      | Killed Dowan
  5961 | D:6      | Found an ancient bone altar of Kikubaaqudgha.
  6350 | D:7      | Reached skill level 9 in Fighting
  6407 | D:7      | Reached XP level 9. HP: 76/83 MP: 8/8
  7014 | D:7      | Found a staircase to the Ecumenical Temple.
  7027 | Temple   | Entered the Ecumenical Temple
  7278 | Temple   | Became a worshipper of Qazlal Stormbringer
  7973 | D:8      | Found Unuileti's Assorted Antiques.
  7986 | D:8      | Noticed a two-headed ogre
  8003 | D:8      | Killed a two-headed ogre
  8004 | D:8      | Reached skill level 1 in Invocations
  8281 | D:8      | Noticed Psyche
  8286 | D:8      | Killed Psyche
  8287 | D:8      | Reached skill level 10 in Fighting
  8338 | D:8      | Found Inun's Jewellery Shoppe.
  8514 | D:8      | Found Huodiado's Assorted Antiques.
  8623 | D:8      | Reached skill level 10 in Armour
  8861 | D:9      | Noticed Erica
  8871 | D:9      | Killed Erica
  8872 | D:9      | Reached XP level 10. HP: 48/94 MP: 9/11
  9354 | D:9      | Found a staircase to the Lair.
  9393 | D:9      | Noticed Maurice
  9424 | D:9      | Killed Maurice
  9435 | D:9      | Reached skill level 11 in Fighting
  9436 | D:9      | Noticed Grum
  9671 | D:9      | Killed Grum
  9698 | D:9      | Reached skill level 5 in Evocations
  9862 | D:9      | Noticed a two-headed ogre
  9894 | D:9      | Killed a two-headed ogre
 10232 | D:9      | Reached * piety under Qazlal
 10310 | D:9      | Noticed Erolcha
 10312 | D:9      | Cast into level 1 of the Abyss (Erolcha)
 10323 | Abyss:1  | Noticed an apocalypse crab
 10369 | Abyss:2  | Noticed a jiangshi
 10376 | Abyss:2  | Noticed a jiangshi
 10392 | D:9      | Escaped the Abyss
 10409 | D:9      | Killed a jiangshi
 10410 | D:9      | Reached XP level 11. HP: 87/104 MP: 13/13
 10411 | D:9      | Killed Erolcha
 10552 | D:9      | Found a sacrificial altar of Ru.
 10610 | D:9      | Found a basalt altar of Yredelemnul.
 10954 | Lair:1   | Entered Level 1 of the Lair of Beasts
 10954 | Lair:1   | You fall into a shaft and drop 1 floor!
 11009 | Lair:2   | Reached skill level 12 in Fighting
 11436 | Lair:1   | Noticed an eight-headed hydra
 11442 | Lair:1   | Killed an eight-headed hydra
 11443 | Lair:1   | Reached skill level 10 in Shields
 11443 | Lair:1   | Reached skill level 5 in Invocations
 11448 | Lair:1   | Reached ** piety under Qazlal
 12288 | Lair:1   | Noticed a six-headed hydra
 12346 | Lair:1   | Killed a six-headed hydra
 12838 | Lair:2   | Reached skill level 13 in Fighting
 13182 | Lair:2   | Reached XP level 12. HP: 84/115 MP: 15/15
 14727 | Lair:3   | Reached *** piety under Qazlal
 15114 | Lair:3   | Noticed a six-headed hydra
 15127 | Lair:3   | Killed a six-headed hydra
 15253 | Lair:3   | Noticed a four-headed hydra
 15262 | Lair:3   | Killed a four-headed hydra
 15263 | Lair:3   | Reached skill level 14 in Fighting
 15429 | Lair:3   | Found a staircase to the Swamp.
 15583 | Lair:3   | Found a staircase to the Snake Pit.
 15778 | Lair:3   | Noticed a six-headed hydra
 15786 | Lair:3   | Killed a six-headed hydra
 16203 | Lair:4   | Reached XP level 13. HP: 125/125 MP: 17/17
 16640 | Lair:4   | HP: 5/125 [manticore/volley of spikes (7)]
 16657 | Lair:4   | HP: 5/125 [komodo dragon (15)]
 17368 | Lair:4   | Identified the +2 leather armour of the Iron City of Dis
                  | {+Blink rElec rF++ rC-}
 17379 | Lair:4   | Identified the +3 rapier of Doom {vorpal, rF++ rC-}
 18968 | Lair:4   | Identified a scroll of acquirement
 18968 | Lair:4   | Acquired 1196 gold pieces
 19052 | Lair:5   | Reached skill level 15 in Fighting
 19118 | Lair:5   | Found a runed translucent door.
 19119 | Lair:5   | Found a viscous altar of Jiyva.
 19121 | Lair:5   | Noticed an azure jelly
 19122 | Lair:5   | Noticed an azure jelly
 19123 | Lair:5   | Found a staircase to the Slime Pits.
 19346 | Lair:5   | HP: 4/126 [five-headed hydra (10)]
 19347 | Lair:5   | Slain by a five-headed hydra

Illustrated notes

Levels and vault maps discovered:
D:1:      wander_arrival_fairy_ring, layout_basic, serial_shops,
          nicolae_shop_behind_doors
D:2:      layout_basic, basic_altar, minmay_fractal_squares_5, uniq_terence
D:3:      layout_rooms, nicolae_gozag_cash_rules_everything_around_me,
          mainiacjoe_overflow_cross_hatched, uniq_sigmund
D:4:      layout_loops_ring, lemuel_coloured_pillars_altar, serial_shops,
          nicolae_shop_temple_entry_statues_fountains, gup_sewer_entry_bubbles
D:5:      layout_gridville, serial_shops, shop
D:6:      layout_basic, lemuel_zombie_altar_kikubaaqudgha,
          hangedman_abyss_or_decor_stabs, uniq_duvessa
D:7:      layout_loops_cross, minmay_temple_entry_tees
D:8:      layout_loops_cross, serial_shops, shop, nicolae_shop_stone,
          nicolae_take_the_stairs, uniq_psyche
D:9:      layout_rooms, kennysheep_mini_moat,
          yredelemnul_forgotten_temple_becter, erik_lair_island, billiards_dpeg,
          uniq_grum, uniq_erica, uniq_erolcha, uniq_maurice
Temple:   regret_index_temple_generic_petals
Lair:1:   layout_loops_ring, grunt_megastairs_4, serial_bayou_shore_b,
          serial_bayou_shore_a
Lair:2:   layout_regular_city
Lair:3:   layout_concentric_octagons, palyth_hydra_swamp_entry,
          guppyfry_snake_entry_island, dreamdust_mushroom_princess,
          grunt_megastairs_2, lemuel_fruit_tree
Lair:4:   regret_index_tunnel_blossom, layout_layer_cave,
          kennysheep_basilisk_garden, infiniplex_staircase_pool
Lair:5:   layout_loops_ring, slime_altar_2, uniq_sonja

Skill      XL: |  1  2  3  4  5  6  7  8  9 10 11 12 13 |
---------------+----------------------------------------+-----
Fighting       | 4 6 7 9 10 11 13 14 15 | 15.1
Armour         | 4 5 6 8 10 11 12 13 | 13.9
Shields        | 4 5 6 8 9 10 12 14 | 14.0
Dodging        | 1 2 3 4 |  4.0
Evocations     | 1 2 3 4 5 7 8 |  8.9
Invocations    | 2 4 5 6 7 |  7.5
Axes           | |  2.4

Action                   |  1- 3 |  4- 6 |  7- 9 | 10-12 | 13-15 || total
-------------------------+-------+-------+-------+-------+-------++-------
Melee: War axe           |   106 |    13 |       |       |       ||   119
       Headbutt          |    12 |    15 |    32 |   127 |    58 ||   244
       Spear             |       |   128 |   306 |   636 |   280 ||  1350
Invok: Upheaval          |       |       |       |     3 |     7 ||    10
Evoke: Wand              |       |       |     2 |    21 |     3 ||    26
  Use: Potion            |       |     1 |     5 |     1 |    14 ||    21
       Scroll            |       |       |    18 |     1 |    13 ||    32
 Stab: Distracted        |       |       |     1 |       |     1 ||     2
Armor: Scale mail        |    65 |    40 |       |       |       ||   105
       Plate armour      |       |     7 |   100 |   217 |   153 ||   477
Dodge: Dodged            |    40 |    39 |    68 |   197 |    87 ||   431
Block: Buckler           |    24 |    13 |   112 |   501 |   331 ||   981
       Reflection        |       |       |     1 |    12 |     2 ||    15

Table legend: (Time is in decaauts)
 A = Elapsed time spent in this place.
 B = Non-inter-level travel time spent in this place.
 C = Inter-level travel time spent in this place.
 D = Time resting spent in this place.
 E = Time spent auto-exploring this place.
 F = Levels seen in this place.
 G = Mean time per level.
                   A        B        C        D        E       F      G
               +--------+--------+--------+--------+--------+-----+--------+
         Total |  19658 |  19201 |    457 |   6907 |   8569 |  18 | 1092.1 |
       Dungeon |  10110 |   9829 |    281 |   2941 |   5160 |   9 | 1123.3 |
        Temple |    395 |    365 |     30 |    146 |    190 |   1 |  395.0 |
          Lair |   8494 |   8349 |    145 |   3725 |   2879 |   5 | 1698.8 |
         Abyss |     80 |     80 |      0 |     39 |      0 |   2 |   40.0 |
         Sewer |    577 |    577 |      0 |     56 |    338 |   1 |  577.0 |
               +--------+--------+--------+--------+--------+-----+--------+

Top non-repeatable levels by time:
  Lair:4: 2614 daAuts
  Lair:3: 2293 daAuts
  Lair:1: 2074 daAuts
     D:9: 1639 daAuts
     D:8: 1346 daAuts
  Lair:2: 1328 daAuts
     D:5: 1265 daAuts
     D:7: 1212 daAuts
     D:2: 1161 daAuts
     D:6: 1154 daAuts
     D:1: 937 daAuts
     D:4: 911 daAuts
   Sewer: 577 daAuts
     D:3: 481 daAuts
  Temple: 395 daAuts
